 Dungeon Crawl Stone Soup version 0.29.1-2-gbd0b4ee654 (webtiles) character file.

Game seed: 8154952839604373327

111 Descartes the Sneak (level 4, 0/21 HPs)
             Began as a Spriggan Venom Mage on Nov 9, 2022.
             Killed from afar by Sigmund (12 damage)
             ... with a magic dart
             ... on level 3 of the Dungeon.
             The game lasted 00:06:56 (2436 turns).

Descartes the Sneak (Spriggan Venom Mage)           Turns: 2436, Time: 00:06:57

Health: 0/21       AC:  2    Str:  6    XL:     4   Next: 62%
Magic:  7/10       EV: 18    Int: 16    God:
Gold:   110        SH:  0    Dex: 15    Spells: 8/9 levels left

rFire   . . .      SeeInvis +   h - +2 dagger (elec)
rCold   . . .      Faith    .   (no shield)
rNeg    . . .      Spirit   .   a - +0 robe
rPois   .          Reflect  .   (helmet restricted)
rElec   .          Harm     .   (no cloak)
rCorr   .          Rampage  .   (gloves unavailable)
Will    .....                   (boots unavailable)
Stlth   +++.......              (no amulet)
HPRegen 0.07/turn               (no ring)
MPRegen 0.12/turn               (no ring)

@: very quick
A: very small, no large weapons, unfitting armour, see invisible, speed 3
a: no special abilities


You were on level 3 of the Dungeon.
You visited 1 branch of the dungeon, and saw 3 of its levels.

You collected 110 gold pieces.

Inventory:

Hand Weapons
 h - a +2 dagger of electrocution (weapon)
Armour
 a - a +0 robe (worn)
Jewellery
 d - a ring of willpower
Wands
 j - a wand of polymorph (2)
 l - a wand of mindburst (8)
Scrolls
 e - a scroll of butterflies {unknown}
 f - 2 scrolls of identify {unknown}
 k - a scroll of teleportation {unknown}
Potions
 b - a potion of magic
 c - a potion of ambrosia {unknown}
 g - 2 potions of degeneration {unknown}
 i - a potion of resistance {unknown}
 m - a potion of attraction {unknown}


   Skills:
 + Level 0.5 Short Blades
 + Level 3.5 Dodging
 + Level 4.2 Stealth
 - Level 1.0 Unarmed Combat
 + Level 3.3 Spellcasting
 + Level 2.8 Transmutations
 + Level 3.4 Poison Magic


You had 8 spell levels left.
You knew the following spells:

 Your Spells              Type           Power      Damage    Failure   Level
a - Sting                 Tmut/Pois      48%        1d5       4%          1

Your spell library contained the following spells:

 Spells                   Type           Power      Damage    Failure   Level
 Poisonous Vapours        Pois/Air       16%        N/A       13%         2
 Mephitic Cloud           Conj/Pois/Air  6%         N/A       32%         3
 Olgreb's Toxic Radiance  Pois           13%        N/A       41%         4


Dungeon Overview and Level Annotations

Branches:
Dungeon (3/15)

Altars:

Shops:
D:2 :

Annotations:
D:3 Sigmund


Innate Abilities, Weirdness & Mutations

You are very small and have problems with some larger weapons.
You are too small for most types of armour.
You have supernaturally acute eyesight. (SInv)
You cover ground extremely quickly. (Speed+++)


Message History

Aim: a ball python (68% to hit)
The sting hits the ball python.
The ball python is poisoned.
You kill the ball python!
Your magical contamination has completely faded away.
Sigmund the Dreaded comes into view.
He is wielding a +2 vorpal scythe.
Sigmund shouts!
Casting: Sting (safe; 4% risk of failure)
Confirm with . or Enter, or press ? or * to list all spells.
You can't see any susceptible monsters within range! (Use Z to cast anyway.) Unknown command.
Casting: Sting (safe; 4% risk of failure)
Confirm with . or Enter, or press ? or * to list all spells.
Aiming: Sting (safe; 4% risk of failure)
Press: ? - help, Shift-Dir - straight line, f - Sigmund
Aim: Sigmund, wielding a +2 vorpal scythe and wearing a +0 robe (68% to hit)
The sting hits Sigmund.
Sigmund is poisoned.
Sigmund is lightly wounded.
Sigmund gestures wildly while chanting.
Sigmund flickers and vanishes for a moment.
Unknown command.
Casting: Sting (safe; 4% risk of failure)
Confirm with . or Enter, or press ? or * to list all spells.
Aiming: Sting (safe; 4% risk of failure)
Press: ? - help, Shift-Dir - straight line, f/p - Sigmund
Aim: Sigmund, wielding a +2 vorpal scythe and wearing a +0 robe (lightly wounded, slightly transparent, poisoned, 68% to hit)
The sting misses Sigmund.
Sigmund gestures at you while chanting. The magic dart hits you!
Casting: Sting (safe; 4% risk of failure)
Confirm with . or Enter, or press ? or * to list all spells.
Aiming: Sting (safe; 4% risk of failure)
Press: ? - help, Shift-Dir - straight line, f/p - Sigmund
Aim: Sigmund, wielding a +2 vorpal scythe and wearing a +0 robe (lightly wounded, slightly transparent, poisoned, 68% to hit)
The sting hits Sigmund.
Sigmund looks even sicker.
Sigmund is moderately wounded.
Sigmund says, "I'm your fate."
Sigmund points at you and mumbles some strange words.
The magic dart hits you!
Ouch! That really hurt!
You die...

####### ### ......# ###
#.. #....######.#### #.#
# ##.##...........# #.#.#
......####......#####.#.#
.......# ##...#.@...@...#
##.###.# ##.########...#
##.# #.# #.# #......# ...
#.# #.# ##.###.# #.# #.#
#+# .# # ##.###.# .#
.......# .. ##.##### .#
#...#### ..


You could see Sigmund (invisible, very poisoned).

Vanquished Creatures
  Jessica (D:2)
  Robin (D:2)
  A gnoll (D:1)
  4 dart slugs
  5 ball pythons
  2 endoplasms
  2 giant cockroaches (D:2)
  9 goblins (D:2)
  10 hobgoblins
  3 jackals (D:1)
  2 quokkas (D:1)
  3 bats
  2 frilled lizards (D:2)
  3 kobolds
  3 rats
51 creatures vanquished.

Notes
Turn   | Place    | Note
-------+----------+-------------------------------------------
     0 | D:1      | Descartes the Spriggan Venom Mage began the quest for the
                  | Orb.
     0 | D:1      | Reached XP level 1. HP: 9/9 MP: 5/5
   249 | D:1      | Reached XP level 2. HP: 13/13 MP: 1/6
   723 | D:1      | Reached XP level 3. HP: 15/16 MP: 6/8
  1213 | D:2      | Found Ilaatice's Book Boutique.
  1439 | D:2      | Found a faded altar of an unknown god.
  1500 | D:2      | Noticed Robin
  1655 | D:2      | Killed Robin
  1656 | D:2      | Reached skill level 1 in Unarmed Combat
  1656 | D:2      | Reached XP level 4. HP: 21/21 MP: 2/9
  1809 | D:2      | Reached skill level 4 in Stealth
  2060 | D:2      | Noticed Jessica
  2071 | D:2      | Killed Jessica
  2425 | D:3      | Noticed Sigmund
  2436 | D:3      | Killed from afar by Sigmund

Illustrated notes

Levels and vault maps discovered:
D:1:      erik_arrival_orb_chamber, layout_basic
D:2:      layout_loops_ring, serial_shops, nicolae_shop_statue_plus,
          shapermc_ecumenical_altar_totnotflames, uniq_jessica, uniq_robin
D:3:      layout_loops_corners, uniq_sigmund

Skill      XL: |  1  2  3  4 |
---------------+-------------+-----
Dodging        | 3 |  3.5
Transmutations | 2 |  2.8
Spellcasting   | 3 |  3.3
Unarmed Combat | 1 |  1.0
Stealth        | 4 |  4.2
Short Blades   | |  0.5
Poison Magic   | |  3.4

Action                   |  1- 3 |  4- 6 || total
-------------------------+-------+-------++-------
Melee: Dagger            |     3 |     7 ||    10
 Cast: Sting             |    70 |    22 ||    92
Armor: Robe              |     2 |     1 ||     3
Dodge: Dodged            |    21 |     4 ||    25
